 Dungeon Crawl Stone Soup version 0.30-a0-1114-gd936c97349 (webtiles) character file.

Game seed: 1697508935281847479

214 tilp the Digger (level 6, -3/51 HPs)
             Began as a Meteoran Earth Elementalist on Apr 21, 2023.
             Killed from afar by an orc wizard (10 damage)
             ... with a magic dart
             ... on level 4 of the Dungeon.
             The game lasted 00:06:18 (955 turns).

tilp the Digger (Meteoran Earth Elementalist)        Turns: 955, Time: 00:06:19

Health: -3/51      AC:  4    Str:  9    XL:     6   Next: 38%
Magic:  5/12       EV: 13    Int: 19    God:
Gold:   23         SH:  0    Dex: 15    Spells: 8/12 levels left

rFire   . . .      SeeInvis .    b - +0 flail
rCold   . . .      Faith    .    (no shield)
rNeg    + . .      Spirit   .    n - +1 robe {rN+}
rPois   .          Reflect  .    (no helmet)
rElec   .          Rampage  .    (no cloak)
rCorr   .                        m - +0 pair of gloves
Will    .....                    (no boots)
Stlth   +                        (no amulet)
HPRegen 0.28/turn                (no ring)
MPRegen 0.13/turn                (no ring)

@: glowing
A: sense surroundings 1, otherworldly, glowing, explore regen
a: no special abilities


You were on level 4 of the Dungeon.
You visited 1 branch of the dungeon, and saw 4 of its levels.

You collected 126 gold pieces.
You spent 103 gold pieces at shops.

Inventory:

Hand Weapons
 a - a +0 mace
 b - a +0 flail (weapon)
 h - a +0 morningstar
Armour
 m - a +0 pair of gloves (worn)
 n - a +1 robe of positive energy (worn)
Wands
 o - a wand of iceblast (11)
Scrolls
 c - a scroll of amnesia {unknown}
 d - a scroll of fear {unknown}
 e - a scroll of vulnerability
 f - a scroll of enchant armour {unknown}
Potions
 g - 3 potions of curing
 i - a potion of lignification
 j - 2 potions of mutation {unknown}
 k - a potion of magic
 l - 4 potions of flight


   Skills:
 * Level 3.4 Fighting
 + Level 2.1 Maces & Flails
 + Level 3.5 Dodging
 - Level 1.4 Stealth
 + Level 3.8 Spellcasting
 + Level 0.7 Conjurations
 - Level 1.2 Transmutations
 + Level 4.5 Earth Magic


You had 8 spell levels left.
You knew the following spells:

 Your Spells              Type           Power      Damage    Failure   Level
a - Sandblast             Erth           40%        2d10      2%          1
b - Stone Arrow           Conj/Erth      26%        3d8       14%         3

Your spell library contained the following spells:

 Spells                   Type           Power      Damage    Failure   Level
 Passwall                 Tmut/Erth      11%        N/A       6%          2
 Magic Dart               Conj           24%        1d4       11%         1
 Call Imp                 Summ           6%         N/A       22%         2
 Mephitic Cloud           Conj/Pois/Air  4%         N/A       36%         3
 Petrify                  Tmut/Erth      14%        N/A       38%         4


Dungeon Overview and Level Annotations

Branches:
Dungeon (4/15) Zot: 1399
 Temple: D:4-7

Altars:

Shops:
D:2 *


Innate Abilities, Weirdness & Mutations

You passively map a small area around you.
You are easily found by Zot.
You glow in the dark.
You regain HP and MP as you explore.


Message History

The magic dart hits you!
* * * LOW HITPOINT WARNING * * *
Casting: Stone Arrow (dangerous; 14% risk of failure)
Confirm with . or Enter, or press ? or * to list all spells.
Aiming: Sandblast (safe; 2% risk of failure)
Press: ? - help, Shift-Dir - straight line, f/p - orc wizard
Aim: an orc wizard, wielding a +0 dagger and wearing a +2 robe of willpower (moderately wounded, 79% to hit)
The blast of sand hits the orc wizard but does no damage.
The orc wizard is moderately wounded.
The orc hits you but does no damage.
The orc wizard hits you with a +0 dagger.
* * * LOW HITPOINT WARNING * * *
Casting: Sandblast (safe; 2% risk of failure)
Confirm with . or Enter, or press ? or * to list all spells.
Aiming: Sandblast (safe; 2% risk of failure)
Press: ? - help, Shift-Dir - straight line, f/p - orc wizard
Aim: an orc wizard, wielding a +0 dagger and wearing a +2 robe of willpower (moderately wounded, 79% to hit)
The blast of sand hits the orc wizard but does no damage.
The orc wizard is moderately wounded.
The orc hits you with a +0 short sword.
* * * LOW HITPOINT WARNING * * *
The orc wizard hits you with a +0 dagger.
* * * LOW HITPOINT WARNING * * *
The orc hits you with a +0 short sword.
* * * LOW HITPOINT WARNING * * *
The orc wizard gestures at you while chanting.
You easily resist.
Unknown command.
Casting: Sandblast (safe; 2% risk of failure)
Confirm with . or Enter, or press ? or * to list all spells.
Aiming: Sandblast (safe; 2% risk of failure)
Press: ? - help, Shift-Dir - straight line, f/p - orc wizard
Aim: an orc wizard, wielding a +0 dagger and wearing a +2 robe of willpower (moderately wounded, 79% to hit)
The blast of sand hits the orc wizard!
The orc wizard is severely wounded.
The adder hisses angrily.
The orc hits you but does no damage.
The orc wizard gestures at you while chanting.
The magic dart hits you!
You die...

....# #####
#######....#####...###
#........S.#........#.
#..........+........#.
#......... #........#.
#.....).# *#........#.
#......^# #.......†..
#....oo.#######.......
#....@........'.......
###############.....#>
#.....## #.....##
#.....# #.....#
#.....# ######


You could see an orc wizard, an adder and an orc.

Vanquished Creatures
  A phantom (D:4)
  An iguana (D:4)
  A sleepcap (D:4)
  3 adders (D:2)
  A worm (D:3)
  2 dart slugs (D:2)
  10 orcs (D:4)
  2 bats (D:2)
  6 endoplasms
  3 giant cockroaches
  4 goblins
  2 hobgoblins
  A jackal (D:1)
  3 ball pythons
  A frilled lizard (D:1)
  5 kobolds
  A rat (D:1)
47 creatures vanquished.

Notes
Turn   | Place    | Note
-------+----------+-------------------------------------------
     0 | D:1      | tilp the Meteoran Earth Elementalist began the quest for
                  | the Orb.
     0 | D:1      | Reached XP level 1. HP: 14/14 MP: 5/5
   256 | D:2      | Reached XP level 2. HP: 22/22 MP: 3/6
   263 | D:2      | Reached skill level 1 in Fighting
   277 | D:2      | Reached XP level 3. HP: 20/28 MP: 0/8
   333 | D:2      | Reached skill level 4 in Earth Magic
   422 | D:2      | Reached XP level 4. HP: 34/36 MP: 4/9
   516 | D:2      | Found Goliw's Assorted Antiques.
   522 | D:2      | Bought a scroll labelled YDDAVO NYSOTH for 22 gold pieces
   698 | D:2      | Bought a runed robe for 81 gold pieces
   805 | D:4      | Noticed a phantom
   811 | D:4      | Killed a phantom
   812 | D:4      | Reached skill level 1 in Maces & Flails
   812 | D:4      | Reached XP level 5. HP: 37/45 MP: 0/11
   828 | D:4      | Learned a level 3 spell: Stone Arrow
   899 | D:4      | Reached XP level 6. HP: 43/51 MP: 7/12
   955 | D:4      | Killed from afar by an orc wizard

Illustrated notes

Levels and vault maps discovered:
D:1:      wheals_arrival_linesprint, layout_rooms
D:2:      layout_loops_ring, serial_shops, shop, minmay_hexomino_c4
D:3:      cheibrodos_greedy_goblins, layout_loops_cross
D:4:      layout_basic, elyvilon_altar_5, lightli_sewer_entry_pipes

Skill      XL: |  1  2  3  4  5  6 |
---------------+-------------------+-----
Fighting       | 1 2 3 |  3.4
Spellcasting   | 3 |  3.8
Earth Magic    | 4 |  4.5
Dodging        | 3 |  3.5
Maces & Flails | 1 2 |  2.1
Stealth        | |  1.4
Conjurations   | |  0.7
Transmutations | |  1.2

Action                     |  1- 3 |  4- 6 || total
---------------------------+-------+-------++-------
  Melee: Dagger            |     3 |       ||     3
         Flail             |       |    13 ||    13
   Cast: Sandblast         |    23 |    56 ||    79
         Stone Arrow       |       |     1 ||     1
    Use: Scroll            |     4 |     4 ||     8
 Armour: Robe              |     3 |    18 ||    21
  Dodge: Dodged            |    11 |    31 ||    42

Table legend: (Time is in decaauts)
 A = Elapsed time spent in this place.
 B = Non-inter-level travel time spent in this place.
 C = Inter-level travel time spent in this place.
 D = Time resting spent in this place.
 E = Time spent auto-exploring this place.
 F = Levels seen in this place.
 G = Mean time per level.
                   A        B        C        D        E       F      G
               +--------+--------+--------+--------+--------+-----+--------+
         Total |    998 |    878 |    120 |      0 |      0 |   4 |  249.5 |
       Dungeon |    998 |    878 |    120 |      0 |      0 |   4 |  249.5 |
               +--------+--------+--------+--------+--------+-----+--------+

Top non-repeatable levels by time:
     D:2: 367 daAuts
     D:1: 296 daAuts
     D:4: 212 daAuts
     D:3: 122 daAuts
